 Dungeon Crawl Stone Soup version 0.20-a0-920-gb18bc0f (console) character file.

3858 nht the Arsonist (level 10, 0/80 HPs)
             Began as a Hill Orc Fire Elementalist on Mar 25, 2017.
             Was a Believer of Beogh.
             Slain by a centaur (10 damage)
             ... on level 8 of the Dungeon.
             The game lasted 00:15:04 (6604 turns).

nht the Arsonist (Hill Orc Fire Elementalist)       Turns: 6604, Time: 00:15:05

Health: 0/80       AC:  2    Str: 12    XL:     10   Next: 18%
Magic:  4/21       EV: 12    Int: 18    God:    Beogh [**....]
Gold:   479        SH:  0    Dex: 11    Spells: 5/12 levels left

rFire    . . .     SeeInvis .   f - +2 whip (freeze)
rCold    . . .     Gourm    .   (no shield)
rNeg     . . .     Faith    .   a - +0 robe
rPois    .         Spirit   .   (no helmet)
rElec    .         Reflect  .   (no cloak)
rCorr    .         Harm     .   (no gloves)
MR       +....                  (no boots)
Stlth    ++........             (no amulet)
Regen    0.3/turn               q - ring of magical power
MPRegen  0.2/turn               h - ring of protection from magic

@: no status effects
A: no striking features
a: Smiting, Renounce Religion


You were on level 8 of the Dungeon.
You worshipped Beogh.
Beogh was pleased with you.
You were very hungry.

You visited 1 branch of the dungeon, and saw 8 of its levels.

You collected 479 gold pieces.

Inventory:

Hand Weapons
 f - a +2 whip of freezing (weapon)
 g - a +0 quarterstaff
 w - a +0 trident
 C - a +0 war axe
 H - a +0 broad axe
Armour
 a - a +0 robe (worn)
 m - the +0 chain mail of Indecent Exposure {+Blink rF+++ Dex-5 Stlth-}
   (You found it on level 7 of the Dungeon)

   It affects your dexterity (-5).
   It renders you almost immune to fire.
   It lets you blink.
   It makes you less stealthy.
Jewellery
 e - the ring of Ugottuc {rCorr -Tele *Corrode +Inv rN+++}
   (You found it on level 6 of the Dungeon)

   [ring of resist corrosion]

   It renders you almost immune to negative energy.
   It lets you turn invisible.
   It prevents most forms of teleportation.
   It may corrode you when you take damage.
 h - a ring of protection from magic (right hand)
 q - a ring of magical power (left hand)
 G - an uncursed ring of see invisible
 I - an uncursed ring of positive energy
Wands
 y - a wand of lightning (6/15)
 z - a wand of digging (6/24)
 A - a wand of random effects (22/48)
 D - a wand of digging (8/24)
 E - a wand of acid (12/15)
Scrolls
 d - a scroll of acquirement {unknown}
 j - 3 scrolls of teleportation
 s - a scroll of magic mapping
 v - 2 scrolls of amnesia
 J - a scroll of enchant armour {unknown}
Potions
 i - a potion of haste
 l - a potion of resistance
 n - a potion of heal wounds
 o - a potion of berserk rage
 r - a potion of mutation
 u - a potion of magic
 x - 4 potions of curing
 B - a potion of brilliance
Books
 b - a book of Flames

   Spells                             Type                      Level
   a - Flame Tongue                   Conjuration/Fire             1
   b - Throw Flame                    Conjuration/Fire             2
   c - Conjure Flame                  Conjuration/Fire             3
   d - Inner Flame                    Hexes/Fire                   3
   e - Sticky Flame                   Conjuration/Fire             4
   f - Fireball                       Conjuration/Fire             5
 t - a book of Cantrips

   Spells                             Type                      Level
   a - Confusing Touch                Hexes                        1
   b - Animate Skeleton               Necromancy                   1
   c - Summon Small Mammal            Summoning                    1
   d - Apportation                    Translocation                1
Comestibles
 c - 10 bread rations
 k - 3 meat rations
 p - 3 fruits
 F - a royal jelly


   Skills:
 + Level 4.8 Fighting
 - Level 1.5 Dodging
 - Level 1.5 Stealth
 - Level 1.5 Spellcasting
 + Level 9.9 Conjurations
 + Level 10.9 Fire Magic


You had 5 spell levels left.
You knew the following spells:

 Your Spells              Type           Power        Failure   Level  Hunger
a - Flame Tongue          Conj/Fire      #####        1%          1    ##.....
b - Sticky Flame          Conj/Fire      #####...     2%          4    #####..
c - Throw Flame           Conj/Fire      #####.       1%          2    ###....


Dungeon Overview and Level Annotations

Branches:
Dungeon (8/15)             Temple (0/1) D:4
   Lair: D:8-11

Altars:
Fedhas
Gozag
Kikubaaqudgha
Makhleb
Nemelex Xobeh
Okawaru
Sif Muna
Vehumet
Wu Jian
Xom
Zin


Message History

You are feeling very hungry.
You start resting.
A centaur comes into view.
The centaur shouts!
The centaur wields a shortbow.
The centaur shoots an arrow.
The arrow hits you but does no damage.
You see here an arrow.
The centaur shoots an arrow.
The arrow closely misses you.
The centaur shoots an arrow.
The arrow hits you!
You hear a shout!
You see here an arrow.
An orc comes into view. It is wielding a falchion.
The orc shouts!
The centaur shoots an arrow.
The arrow hits you!
* * * LOW HITPOINT WARNING * * *
There is an open door, spattered with blood here.
You see here an arrow.
The centaur unwields an uncursed shortbow.
The centaur hits you!
You die... █......█ █..██████..█ ███)████ █..........█ █.█ ████████████ █.█ █ █.█ .. █(█ ... █████

█(█ ..
█...████████(█████.█
█............@o....████
█...███████..c.........
███.███████........████
█.██......███'███...█
█.██.....██ .... ..█
█.██....██ .8...█ .█
█.██....█ .......█
█.██....█ ._._.⌠.█
█.██....█ ........█


You could see a centaur and an orc.

Vanquished Creatures
  A two-headed ogre (D:8)
  The ghost of Duffy the Cleaver, a novice DsFi of Makhleb (D:8)
  Grinder (D:4)
  A spriggan (D:7)
  2 orc warriors
  3 sky beasts
  An ice beast (D:6)
  3 phantoms
  3 ogres
  4 bullfrogs
  A wyvern skeleton (D:8)
  A scorpion (D:7)
  A howler monkey (D:4)
  A crimson imp (D:5)
  A bullfrog zombie (D:7)
  5 hounds
  A centaur zombie (D:8)
  An orc priest (D:7)
  A bullfrog skeleton (D:6)
  3 orc wizards (D:5)
  2 centaur skeletons
  An iguana (D:4)
  Natasha (twice) (D:4)
  A worker ant (D:4)
  A killer bee zombie (D:6)
  A hound zombie (D:6)
  2 worker ant zombies (D:6)
  A gnoll (D:1)
  9 adders
  2 shadow imps
  An ooze (D:3)
  3 adder skeletons
  3 adder zombies (D:6)
  2 worms (D:2)
  3 dart slugs
  4 leopard geckos
  20 orcs
  8 bats
  6 giant cockroaches
  10 goblins
  6 hobgoblins
  3 jackals (D:5)
  8 kobolds
  4 quokkas
  A ball python (D:2)
  5 frilled lizards
  A jackal skeleton (D:6)
  A leopard gecko skeleton (D:6)
  A leopard gecko zombie (D:8)
  11 rats
159 creatures vanquished.

Vanquished Creatures (others)
  An ogre (D:4)
  A scorpion (D:4)
  A howler monkey (D:4)
  Natasha (D:4)
  An orc (D:4)
  A ball python (D:4)
  A frilled lizard (D:4)
7 creatures vanquished.

Grand Total: 166 creatures vanquished

Notes
Turn   | Place    | Note
-------+----------+-------------------------------------------
     0 | D:1      | nht the Hill Orc Fire Elementalist began the quest for the Orb.
     0 | D:1      | Reached XP level 1. HP: 14/14 MP: 3/3
     4 | D:1      | Noticed a minotaur
     4 | D:1      | Noticed a draconian
     6 | D:1      | Noticed a human
     6 | D:1      | Noticed a centaur
     8 | D:1      | Noticed a vampire
     8 | D:1      | Noticed a tengu
    10 | D:1      | Noticed an elf
    10 | D:1      | Noticed a ghoul
    13 | D:1      | Noticed a merfolk
    15 | D:1      | Noticed a spriggan
    18 | D:1      | Noticed a dwarf
    18 | D:1      | Noticed a troll
    20 | D:1      | Noticed a demigod
    20 | D:1      | Noticed a demonspawn
    22 | D:1      | Noticed a vine stalker
    22 | D:1      | Noticed a halfling
    24 | D:1      | Noticed a gargoyle
    24 | D:1      | Noticed a felid
    26 | D:1      | Noticed a formicid
    26 | D:1      | Noticed an octopode
    28 | D:1      | Noticed an ogre
    28 | D:1      | Noticed a naga
   197 | D:1      | Reached XP level 2. HP: 20/20 MP: 1/4
   469 | D:1      | Reached XP level 3. HP: 26/26 MP: 0/5
   974 | D:2      | Reached skill level 4 in Fire Magic
  1044 | D:2      | HP: 1/26 [goblin/dagger (5)]
  1200 | D:2      | Reached XP level 4. HP: 16/33 MP: 2/6
  1758 | D:2      | Learned a level 4 spell: Sticky Flame
  1925 | D:3      | Reached XP level 5. HP: 35/38 MP: 5/7
  1946 | D:3      | Found a blossoming altar of Fedhas.
  1957 | D:3      | Found an ancient bone altar of Kikubaaqudgha.
  2489 | D:3      | Learned a level 2 spell: Throw Flame
  2506 | D:4      | Killed an ogre
  2508 | D:4      | Became a worshipper of Beogh the Brigand
  2547 | D:4      | Found a staircase to the Ecumenical Temple.
  2635 | D:4      | Reached skill level 5 in Fire Magic
  2719 | D:4      | Reached XP level 6. HP: 37/45 MP: 8/8
  2797 | D:4      | Noticed a phantom
  2798 | D:4      | Found a shimmering altar of Xom.
  2808 | D:4      | Killed a phantom
  2889 | D:4      | Noticed Grinder
  2894 | D:4      | Killed Grinder
  2894 | D:4      | Reached skill level 5 in Conjurations
  2894 | D:4      | Reached skill level 6 in Fire Magic
  2894 | D:4      | Reached XP level 7. HP: 29/50 MP: 3/9
  2928 | D:4      | Noticed Natasha
  2936 | D:4      | Killed Natasha
  2967 | D:4      | Killed Natasha
  3140 | D:4      | Noticed Natasha
  3145 | D:4      | Killed Natasha
  3249 | D:5      | Entered Level 5 of the Dungeon
  3317 | D:5      | Reached skill level 7 in Fire Magic
  3548 | D:5      | Reached * piety under Beogh
  3720 | D:5      | Reached XP level 8. HP: 23/57 MP: 3/10
  4047 | D:5      | Found a radiant altar of Vehumet.
  4048 | D:5      | Found a burning altar of Makhleb.
  4431 | D:6      | Found an iron altar of Okawaru.
  4431 | D:6      | Found a glowing silver altar of Zin.
  4432 | D:6      | Found a deep blue altar of Sif Muna.
  4463 | D:6      | Reached skill level 8 in Fire Magic
  4480 | D:6      | Got a slimy jade ring
  4677 | D:6      | Reached ** piety under Beogh
  4719 | D:6      | Identified the ring of Ugottuc {rCorr -Tele *Corrode +Inv rN+++} (You found it on level 6 of the Dungeon)
  5202 | D:7      | Noticed a spriggan baker
  5205 | D:7      | Killed a spriggan baker
  5348 | D:7      | Reached skill level 9 in Fire Magic
  5440 | D:7      | Reached XP level 9. HP: 62/62 MP: 11/11
  5721 | D:7      | Got an ichor-stained chain mail
  5732 | D:7      | Identified the cursed +0 chain mail of Indecent Exposure {+Blink rF+++ Dex-5 Stlth-} (You found it on level 7 of the Dungeon)
  6395 | D:8      | Reached skill level 10 in Fire Magic
  6425 | D:8      | Found an ornate altar of the Wu Jian Council.
  6492 | D:8      | Noticed Duffy's ghost (novice DsFi)
  6499 | D:8      | Killed Duffy's ghost
  6545 | D:8      | Found an opulent altar of Gozag.
  6546 | D:8      | Noticed a two-headed ogre
  6549 | D:8      | Found a sparkling altar of Nemelex Xobeh.
  6563 | D:8      | Killed a two-headed ogre
  6563 | D:8      | Reached XP level 10. HP: 47/80 MP: 1/12
  6604 | D:8      | Slain by a centaur

Vault maps used:
D:1:      kb_arrival_jail
D:2:      minmay_liquid_box
D:3:      old_standard_altar, fedhas_altar_2
D:4:      xom_confusion_cloud, minmay_temple_entry_purple_smoke, uniq_grinder,
          uniq_natasha
D:5:      grunt_temple_overflow_lords_of_destruction, first_bread
D:6:      gammafunk_temple_overflow_claw, serial_undead, serial_undead_b,
          serial_undead_f, serial_undead_b, serial_undead_a, serial_undead_a,
          serial_undead_b, serial_undead_f
D:7:      the_bakery, supply_closet_lemuel
D:8:      grunt_temple_overflow_opulence, old_standard_altar,
          serial_corexii_hall, corexii_hall_statues_l, corexii_hall_statues_i

Skill      XL: |  1  2  3  4  5  6  7  8  9 |
---------------+----------------------------+-----
Conjurations   | 2 3 4 5 6 8 9 |  9.9
Fire Magic     | 4 5 6 7 9 10 | 10.9
Fighting       | 4 |  4.8
Dodging        | |  1.5
Stealth        | |  1.5
Spellcasting   | |  1.5

Action                   |  1- 3 |  4- 6 |  7- 9 | 10-12 || total
-------------------------+-------+-------+-------+-------++-------
Melee: Unarmed           |    18 |       |       |       ||    18
       Whip              |       |    58 |    41 |     5 ||   104
 Cast: Flame Tongue      |    48 |    92 |   230 |     4 ||   374
       Sticky Flame      |       |     1 |     7 |       ||     8
       Throw Flame       |       |       |    11 |       ||    11
Invok: Convert to Beogh  |       |     1 |       |       ||     1
Evoke: Wand              |       |       |     5 |     1 ||     6
  Use: Potion            |     1 |       |     3 |       ||     4
       Scroll            |       |       |    18 |       ||    18
 Stab: Sleeping          |       |     1 |       |       ||     1
  Eat: Chunk             |     2 |     8 |    13 |     1 ||    24
       Fruit             |       |       |     5 |       ||     5
Armor: Robe              |     4 |    17 |    17 |       ||    38
       Skin              |       |       |     1 |       ||     1
Dodge: Dodged            |    30 |    58 |   110 |     5 ||   203
